Zazza, neutral female human Tourist @ Zazza the Peregrinatrix Experience level: 11 Strength: 18 Dexterity: 17 Constitution: 18 Intelligence: 11 Wisdom: 14 Charisma: 18 Health: 0(104) Energy: 47(47) Def: 17 Gold: 0 Moves: 19490 Dungeon seed: gDYfAGe-VFWJAsA8 Game ID: Zazza_1571482952 Your Inventory: Amulets G - a blessed amulet of ESP (being worn) Weapons a - 12 blessed +2 darts l - 28 +2 darts y - 13 +0 daggers z - 4 -1 daggers B - 5 +0 elven daggers Q - 4 blessed +1 daggers R - 5 blessed +0 daggers (wielded) Armor e - an uncursed +0 T-shirt h - a blessed +3 pair of speed boots (being worn) n - a blessed +0 orcish helm (being worn) q - a blessed +2 dwarvish roundshield (being worn) C - an uncursed +0 Hawaiian shirt (being worn) N - a blessed +0 cloak of magic resistance (being worn) Y - an uncursed +1 dwarvish mithril-coat (being worn) Comestibles g - an uncursed food ration Rings w - an uncursed ring of free action (on right hand) Tools c - a blessed bag of holding k - an uncursed skeleton key r - an uncursed mirror F - an uncursed towel Gems X - an uncursed luckstone Contents of the bag of holding: 4061 gold pieces 11 +0 darts 2 uncursed carrots an uncursed clove of garlic 4 uncursed food rations an uncursed lembas wafer an uncursed lizard corpse 6 uncursed lumps of royal jelly 2 uncursed oranges an uncursed pancake 5 uncursed slime molds an uncursed tripe ration a cursed magic marker (0:77) a cursed magic marker (0:43) a +0 pick-axe Spells and supernatural/magical abilities: Name Level Category Fail Memory W - pray for help -- divine ? -- Your skills at the end: Fighting Skills Weapon Skills dagger [Expert] pick-axe [Basic] dart [Skilled] Spellcasting Skills Final Attributes: You were piously aligned. You were poison resistant. You were magic-protected. You were telepathic. You had automatic searching. You were invisible. You could teleport. You had teleport control. You were swallowed by an energy vortex. You were protected. You were very fast. You had free action. You had extra luck. Bad luck did not time out for you. Good luck did not time out for you. The Lady was angry with you. You are dead. Vanquished creatures: a black pudding 3 ghosts a queen bee 4 giant mimics 2 large mimics 2 long worms a warg 2 small mimics a quantum mechanic a gelatinous cube a shocking sphere 3 tengu a pit viper a python a wraith an ettin zombie a leather golem a chameleon a giant beetle a quivering blob 3 wolves a spotted jelly 2 leprechauns an orc-captain 3 giant spiders 2 vampire bats a forest centaur 2 gnome kings an owlbear 2 yetis a gold golem 3 werewolves a Green-elf 2 lizards 2 guides a dog a dingo a jaguar 2 dust vortices a raven a plains centaur 5 human zombies a Woodland-elf 4 fire ants 2 bugbears 2 imps a wood nymph 5 water nymphs 3 mountain nymphs 18 Mordor orcs 3 rock piercers 3 rock moles a fog cloud a yellow light a violet fungus 19 gnome lords 5 gnomish wizards a golden naga hatchling 3 gray oozes 3 elf zombies a straw golem a paper golem a baby crocodile 2 giant ants a little dog 6 floating eyes 2 kittens 21 dwarves a homunculus 2 kobold lords 7 kobold shamans 18 hill orcs 2 rothes 2 rabid rats 2 centipedes 3 giant bats a monkey 4 iguanas 19 killer bees 3 acid blobs 2 gas spores 13 hobbits 5 large kobolds 16 hobgoblins 12 giant rats 4 brown molds 7 yellow molds 2 green molds 56 gnomes 5 gnome zombies 5 geckos 23 jackals 3 foxes 5 kobolds 8 goblins 8 sewer rats 17 grid bugs 14 lichens 8 kobold zombies 16 newts 473 creatures vanquished. Voluntary challenges: You used a wielded weapon 1074 times, starting on turn 3123. You read items or engraved 34 times, starting on turn 235. You never genocided any monsters. You never polymorphed an object. You never changed form. You used no wishes. You never split a pudding. You wrote Elbereth's name 14 times, starting on turn 959. You violated your moral code, losing 9 points of alignment, starting on turn 15842. Dungeon overview: The Dungeons of Doom: levels 1 to 14 Level 1 a long staircase Level 2 a general store, some altars to The Lady and Offler, a fountain Level 3 a fountain stairs to The Gnomish Mines Level 4 Level 5 many fountains Level 6 stairs to Sokoban Level 7 Level 8 a fountain Level 9 a fountain Level 10 <- You were here Level 11 a fountain, a sink Level 12 a temple to Offler portal to The Quest Level 13 Level 14 a general store The Gnomish Mines: levels 4 to 11 Level 4 stairs to The Dungeons of Doom Level 5 Level 6 Level 7 many shops, a temple to Offler, some fountains Level 8 Level 9 Level 10 Level 11 The Quest: Level 1 portal to The Dungeons of Doom Sokoban: levels 2 to 5 Level 2 Level 3 Level 4 Level 5 stairs to The Dungeons of Doom History has recorded: On T:1 you entered the Dungeons of Doom to retrieve the Amulet of Yendor! On T:371 you reached level 2 of The Dungeons of Doom. On T:374 you advanced to experience level 2. On T:962 you advanced to experience level 3. On T:1732 you reached level 3 of The Dungeons of Doom. On T:1789 you advanced to experience level 4. On T:2128 you reached level 4 of The Dungeons of Doom. On T:3497 you reached level 5 of The Dungeons of Doom. On T:3769 you advanced to experience level 5. On T:4034 you reached level 6 of The Dungeons of Doom. On T:4521 you reached level 4 of Sokoban. On T:4880 you reached level 7 of The Dungeons of Doom. On T:5022 you advanced to experience level 6. On T:5356 you reached level 1 of The Gnomish Mines. On T:5543 you reached level 2 of The Gnomish Mines. On T:6679 you advanced to experience level 7. On T:6860 you reached level 3 of Sokoban. On T:7750 you reached level 2 of Sokoban. On T:8542 you reached level 1 of Sokoban. On T:11244 you advanced to experience level 8. On T:12307 you reached level 3 of The Gnomish Mines. On T:12481 you reached level 4 of The Gnomish Mines. On T:13368 you reached level 5 of The Gnomish Mines. On T:13553 you reached level 6 of The Gnomish Mines. On T:13651 you reached level 7 of The Gnomish Mines. On T:13897 you advanced to experience level 9. On T:13979 you reached level 8 of The Gnomish Mines. On T:16258 you reached level 8 of The Dungeons of Doom. On T:16691 you reached level 9 of The Dungeons of Doom. On T:16941 you reached level 10 of The Dungeons of Doom. On T:17061 you advanced to experience level 10. On T:17113 you reached level 11 of The Dungeons of Doom. On T:17347 you reached level 12 of The Dungeons of Doom. On T:17542 you reached level 1 of The Quest. On T:17709 you reached level 13 of The Dungeons of Doom. On T:18032 you reached level 14 of The Dungeons of Doom. On T:18519 you advanced to experience level 11. Score breakdown: Gold: 3901 (12216 points) Experience: 11 levels (17616 points) Exploration: 14 levels ( 26.42%) (15000 points) Discoveries: 35 items ( 11.74%) (10281 points) Valuables value: (no points given unless you survive) Artifact value: 0 ( 0 points) Variety of kills: 100 monsters ( 26.25%) (15369 points) Turncount: 19490 turns (-3364 points) Survival: died (score multiplied by 80%) Total score: 53694 Latest messages: You see here a large box. You hit the energy vortex. You are jolted with electricity! The energy vortex misses. (2x) The energy vortex engulfs you! The air around you crackles with electricity. You hit the energy vortex. The air around you crackles with electricity. You hit the energy vortex! You are jolted with electricity! You hit the energy vortex! You are jolted with electricity! The air around you crackles with electricity. You begin praying to The Lady. The air around you crackles with electricity. (4x) You feel that The Lady is displeased. You hit the energy vortex. You are jolted with electricity! You hit the energy vortex! You are jolted with electricity! You die... Final status: Aloha Zazza the Tourist, killed by an energy vortex... You died in The Dungeons of Doom on dungeon level 10 with 53694 points, and 4061 pieces of gold, after 19490 moves. You were level 11 with a maximum of 104 hit points when you died.